[Event "Titled Tuesday Blitz May 16 Early 2023"]
[White "Mike24147"]
[Black "cryptoguru02"]
[WhiteElo "2332"]
[BlackElo "2629"]
[Result "0-1"]
[Round "01"]
[TimeControl "180+2"]
[Date "2023.05.16"]
[WhiteClock "0:00:36"]
[BlackClock "0:01:23"]

1. c4 g6 2. g3 Bg7 3. Bg2 c5 4. Nf3 Nc6 5. O-O Nf6 6. d4 cxd4 7. Nxd4 O-O 8. Nc3 Nxd4 9. Qxd4 d6 10. Qd3 Nd7 11. e4 Nc5 12. Qe2 Be6 13. Bd2 a6 14. b3 Rb8 15. Rac1 Bd7 16. Rfd1 b5 17. Nd5 bxc4 18. Qxc4 Bb5 19. Qc2 Bd3 20. Ba5 Bxc2 21. Bxd8 Bxd1 22. Bxe7 Bg4 23. Bxf8 Kxf8 24. Kf1 Be6 25. Nf4 Bh6 26. Rd1 Bxf4 27. gxf4 Ke7 28. Ke2 a5 29. Rd4 Rb4 0-1


[Site "https://www.chess.com"]

[Event "Titled Tuesday Blitz May 16 Early 2023"]
[White "Nastase, Robert-Paul"]
[Black "Mamedov, Edgar"]
[WhiteFideId "1221175"]
[BlackFideId "13739980"]
[WhiteElo "2175"]
[BlackElo "2317"]
[Result "1/2-1/2"]
[Round "01"]
[TimeControl "180+2"]
[Date "2023.05.16"]
[WhiteClock "0:00:14"]
[BlackClock "0:00:52"]

1. e4 Nc6 2. Nf3 d6 3. Nc3 Nf6 4. d4 g6 5. Bc4 Bg7 6. O-O O-O 7. h3 e5 8. dxe5 dxe5 9. Bg5 h6 10. Bh4 g5 11. Bg3 Nh5 12. Bh2 Nf4 13. Qxd8 Rxd8 14. Rad1 Be6 15. Bxe6 fxe6 16. h4 g4 17. Nd2 Nd4 18. Bxf4 exf4 19. g3 f3 20. Nc4 Nxc2 21. Rc1 Nd4 22. h5 c5 23. Ne3 Bf6 24. Nxg4 Bg5 25. Rce1 Bd2 26. Rd1 Ne2+ 27. Kh2 Nxc3 28. bxc3 Kg7 29. c4 Bc3 30. Rc1 Bd4 31. Rc2 b6 32. Rb1 Rd7 33. Rb3 Rad8 34. Rxf3 Rf8 35. Rxf8 Kxf8 36. f4 Rg7 37. Nxh6 Rh7 38. Ng4 Rxh5+ 39. Kg2 Ke7 40. Nh2 Rh8 41. Nf3 e5 42. fxe5 Ke6 43. Rd2 Rd8 44. g4 Rg8 45. Kg3 Bxe5+ 46. Nxe5 Kxe5 47. Kf3 Rf8+ 48. Ke3 Rf1 49. Rd5+ Ke6 50. Rg5 Rc1 51. Rg7 Rxc4 52. Rxa7 Rc2 53. Ra6 Rb2 54. g5 Ke5 55. Ra7 Rg2 56. Rb7 Rxg5 57. Rxb6 Rg3+ 58. Kd2 Kxe4 59. Kc2 Kd4 60. Rb3 Rg2+ 61. Kb1 c4 62. Rh3 c3 63. Rh8 Rb2+ 64. Kc1 Rxa2 65. Rd8+ Ke3 66. Re8+ Kd3 67. Rd8+ Kc4 68. Rc8+ Kb4 69. Rb8+ Kc5 70. Rc8+ Kd4 71. Rd8+ Ke5 72. Re8+ Kd6 73. Rc8 Ra3 74. Kc2 Kd5 75. Rxc3 Ra2+ 76. Kd3 Rh2 77. Rb3 Rh3+ 78. Kc2 Rh4 79. Rf3 Kc4 80. Rg3 Rh2+ 81. Kb1 Rf2 82. Kc1 Kd4 83. Kb1 Ke4 84. Kc1 Kf4 85. Ra3 Re2 86. Kb1 Ke4 87. Kc1 Kd4 88. Kb1 Kc4 89. Kc1 Kb4 90. Rh3 Ra2 91. Kb1 Ra3 92. Rxa3 Kxa3 1/2-1/2


[Site "https://www.chess.com"]

[Event "Titled Tuesday Blitz May 16 Early 2023"]
[White "Manukyan, Sargis A."]
[Black "Cupid, Kevin"]
[WhiteFideId "13303970"]
[BlackFideId "7700512"]
[WhiteElo "2187"]
[BlackElo "2124"]
[Result "1-0"]
[Round "01"]
[TimeControl "180+2"]
[Date "2023.05.16"]
[WhiteClock "0:00:17"]
[BlackClock "0:00:02"]

1. d4 Nf6 2. c4 e6 3. Nc3 Bb4 4. a3 Bxc3+ 5. bxc3 b6 6. e3 Bb7 7. f3 d6 8. Bd3 Nbd7 9. Ne2 e5 10. O-O e4 11. Bb1 exf3 12. gxf3 Qe7 13. e4 c5 14. a4 a5 15. Ng3 O-O 16. Nf5 Qe6 17. Bf4 Ne8 18. d5 Qf6 19. Ra2 g6 20. Rg2 Kh8 21. Bg5 Qxc3 22. Nh6 f6 23. Bf4 Ne5 24. Kh1 Ng7 25. Rfg1 Nh5 26. Bxe5 fxe5 27. Bd3 Qd4 28. Rd2 Qe3 29. Ng4 Qxf3+ 30. Qxf3 Rxf3 31. Rb1 Bc8 32. Nf2 Nf4 33. Rxb6 Nxd3 34. Nxd3 Bh3 35. Nf2 Bd7 36. Rxd6 Bxa4 37. Re6 Raf8 38. Kg2 Bb3 39. d6 Bxc4 40. Rxe5 a4 41. d7 a3 42. Re8 a2 43. d8=Q Bf1+ 44. Kg1 Kg7 45. Rxf8 a1=Q 46. Qe7+ Kh6 47. Qh4+ Kg7 48. Rd7+ Kxf8 49. Qd8# 1-0


[Site "https://www.chess.com"]

[Event "Titled Tuesday Blitz May 16 Early 2023"]
[White "Vaglio Munoz, Jaime"]
[Black "bubeliang"]
[WhiteFideId "6500145"]
[WhiteElo "2199"]
[BlackElo "2626"]
[Result "1-0"]
[Round "01"]
[TimeControl "180+2"]
[Date "2023.05.16"]
[WhiteClock "0:01:08"]
[BlackClock "0:00:02"]

1. Nf3 Nf6 2. c4 g6 3. b3 Bg7 4. Bb2 O-O 5. g3 c6 6. Bg2 d5 7. O-O Bf5 8. d3 Nbd7 9. Nbd2 Rc8 10. h3 Re8 11. g4 Be6 12. Ng5 Nf8 13. Nxe6 Nxe6 14. e3 Qd7 15. f4 Red8 16. Bxf6 Bxf6 17. d4 dxc4 18. Nxc4 c5 19. d5 Bxa1 20. Qxa1 Ng7 21. e4 e6 22. Ne5 Qc7 23. f5 exd5 24. fxg6 fxg6 25. Rf7 Qd6 26. exd5 Rc7 27. Rf2 Re8 28. Nc4 Qe7 29. d6 Qe1+ 30. Qxe1 Rxe1+ 31. Kh2 Rc8 32. Bd5+ Kh8 33. Rf7 b5 34. d7 Rd8 35. Na5 h5 36. Nb7 Rxd7 37. Rxd7 h4 38. Nxc5 Re2+ 39. Bg2 Rxa2 40. Ne4 Ne6 41. Re7 Nf4 42. Nf6 Rxg2+ 43. Kh1 Rg1+ 44. Kxg1 Nxh3+ 45. Kh2 Ng5 46. Rxa7 b4 47. Rb7 Nf3+ 48. Kh1 Ng5 49. Rc7 h3 50. Kh2 Nf3+ 51. Kxh3 Ng5+ 52. Kg2 Nf7 53. Rxf7 g5 54. Rh7# 1-0


[Site "https://www.chess.com"]

[Event "Titled Tuesday Blitz May 16 Early 2023"]
[White "drdaro"]
[Black "Martinez Ramirez, Lennis"]
[BlackFideId "3509079"]
[WhiteElo "2343"]
[BlackElo "2410"]
[Result "0-1"]
[Round "01"]
[TimeControl "180+2"]
[Date "2023.05.16"]
[WhiteClock "0:00:12"]
[BlackClock "0:01:14"]

1. d4 d5 2. Nc3 c6 3. Bf4 Nf6 4. e3 b5 5. a3 Bf5 6. Nf3 e6 7. Ne5 Nfd7 8. g4 Bg6 9. h4 Nxe5 10. Bxe5 h5 11. g5 Nd7 12. Bg3 Be7 13. Be2 a5 14. O-O Nb6 15. Bd3 O-O 16. Be2 Nc4 17. Ra2 b4 18. Nb1 f6 19. gxf6 Rxf6 20. Bxh5 Bxh5 21. Qxh5 Rh6 22. Qg4 Bxh4 23. Bxh4 Rxh4 24. Qxe6+ Kh8 25. Qf5 Qe7 26. Re1 Rf8 27. Qd3 Qg5+ 28. Kf1 Rh2 0-1


[Site "https://www.chess.com"]

[Event "Titled Tuesday Blitz May 16 Early 2023"]
[White "Jeet, Jain"]
[Black "Llanos, Guillermo"]
[WhiteFideId "5073022"]
[BlackFideId "100358"]
[WhiteElo "2067"]
[BlackElo "2225"]
[Result "1-0"]
[Round "01"]
[TimeControl "180+2"]
[Date "2023.05.16"]
[WhiteClock "0:01:13"]
[BlackClock "0:00:37"]

1. d4 Nf6 2. Nf3 b6 3. Bf4 Bb7 4. e3 d6 5. c4 g6 6. Nc3 Bg7 7. Be2 O-O 8. h3 c5 9. d5 Nh5 10. Bh2 Bxc3+ 11. bxc3 f5 12. Ng5 Ng7 13. h4 h6 14. Nh3 Nd7 15. Nf4 Qe8 16. g4 fxg4 17. Bxg4 Ne5 18. Be2 Bc8 19. Rg1 Bf5 20. f3 Rf6 21. e4 Bc8 22. Qd2 Ba6 23. O-O-O Qa4 24. h5 g5 25. Ng6 Nxg6 26. hxg6 Bxc4 27. f4 Qa3+ 28. Kb1 Bxe2 29. Qxe2 gxf4 30. Rd3 c4 31. Rf3 b5 32. Bxf4 Raf8 33. Rgf1 b4 34. Bc1 Qa4 35. Rxf6 exf6 36. Qxc4 Rb8 37. Bb2 Qe8 38. cxb4 Qxg6 39. Rxf6 Qg1+ 40. Rf1 Qg6 41. Qd4 h5 42. Rg1 1-0


[Site "https://www.chess.com"]

[Event "Titled Tuesday Blitz May 16 Early 2023"]
[White "Korchmar, Vasiliy"]
[Black "Real_taiatai"]
[WhiteFideId "24131750"]
[WhiteElo "2370"]
[BlackElo "2322"]
[Result "1-0"]
[Round "01"]
[TimeControl "180+2"]
[Date "2023.05.16"]
[WhiteClock "0:00:09"]
[BlackClock "0:00:36"]

1. e4 c6 2. d4 d5 3. e5 Bf5 4. Nd2 e6 5. Nb3 a5 6. a4 Nd7 7. Nf3 h6 8. Be2 c5 9. dxc5 Nxc5 10. Nxc5 Bxc5 11. Bb5+ Kf8 12. O-O Ne7 13. Nd4 Qc7 14. Be3 Be4 15. c3 Nf5 16. Nxf5 Bxf5 17. Bd4 Ke7 18. Bd3 Bxd3 19. Qxd3 Rac8 20. Rfe1 Qb6 21. Bxc5+ Rxc5 22. Qg3 Rg8 23. Re2 Rc4 24. h3 Qc6 25. Qe3 Rd8 26. Rd2 Rc8 27. Qg3 Kf8 28. Qe3 Rxa4 29. Rxa4 Qxa4 30. Qb6 Qf4 31. Re2 Qc1+ 32. Kh2 Qf4+ 33. Kg1 Qc4 34. Qxb7 Rc7 35. Qb8+ Rc8 36. Qd6+ Kg8 37. Re3 a4 38. Rf3 Qe4 39. Rxf7 Kxf7 40. Qd7+ Kg8 41. Qxe6+ Kh7 42. Qxc8 Qe1+ 43. Kh2 Qxe5+ 44. g3 Qe2 45. Qf5+ Kg8 46. Qxd5+ Kh8 47. Qf5 Qxb2 48. Qf8+ Kh7 49. Qf5+ Kh8 50. c4 a3 51. Qc8+ Kh7 52. Qf5+ Kh8 53. Qf8+ Kh7 54. Qf5+ g6 55. Qd7+ Kh8 56. Qc8+ Kg7 57. Qc7+ Kg8 58. Qd8+ Kh7 59. Qd7+ Qg7 60. Qa4 Qf8 61. Qa7+ Kh8 62. Kg2 Qc5 63. Qxc5 a2 64. Qa3 a1=Q 65. Qxa1+ Kh7 66. Qc3 h5 67. c5 Kh6 68. c6 h4 69. c7 hxg3 70. c8=Q Kh5 71. Q8h8+ Kg5 72. Qce5# 1-0


[Site "https://www.chess.com"]

[Event "Titled Tuesday Blitz May 16 Early 2023"]
[White "Rian, Kapriaga"]
[Black "Koellner, Ruben Gideon"]
[WhiteFideId "7103263"]
[BlackFideId "12993093"]
[WhiteElo "2322"]
[BlackElo "2314"]
[Result "1/2-1/2"]
[Round "01"]
[TimeControl "180+2"]
[Date "2023.05.16"]
[WhiteClock "0:00:23"]
[BlackClock "0:01:48"]

1. d4 d6 2. Nf3 Nf6 3. Nc3 Nbd7 4. e4 e5 5. Bg5 Be7 6. Be2 c6 7. O-O h6 8. Bc1 O-O 9. h3 Qc7 10. a4 Re8 11. Be3 Nf8 12. Qd2 Ng6 13. dxe5 dxe5 14. Bc4 Bf8 15. Rfd1 Be6 16. Bxe6 Rxe6 17. Qe2 Bb4 18. Qc4 Bxc3 19. bxc3 b6 20. Nd2 Rd8 21. Nb3 Red6 22. Rxd6 Qxd6 23. f3 Nh5 24. Qb4 Nhf4 25. Qxd6 Rxd6 26. Kf2 Kf8 27. a5 c5 28. axb6 axb6 29. Nxc5 Rc6 30. Nd7+ Ke7 31. Nxb6 Rxc3 32. Ra2 Rc6 33. c4 Nd3+ 34. Kg3 Ngf4 35. Nd5+ Ke6 36. Bxf4 exf4+ 37. Nxf4+ Nxf4 38. Kxf4 Rxc4 39. Ra6+ Ke7 40. h4 Rc2 41. g4 Rc7 42. h5 Rb7 43. g5 hxg5+ 44. Kxg5 Rb5+ 45. Kg4 Rb1 46. f4 Rg1+ 47. Kf5 Rh1 48. Ra7+ Kf8 49. Ra8+ Ke7 50. Rh8 g6+ 51. Kg5 Rg1+ 52. Kh4 Rh1+ 53. Kg5 Rg1+ 54. Kh4 Rh1+ 55. Kg5 1/2-1/2


[Site "https://www.chess.com"]

[Event "Titled Tuesday Blitz May 16 Early 2023"]
[White "Levitskiy, Andrey"]
[Black "Allahverdiyeva, Ayan"]
[WhiteFideId "14132885"]
[BlackFideId "13412590"]
[WhiteElo "2347"]
[BlackElo "1980"]
[Result "1-0"]
[Round "01"]
[TimeControl "180+2"]
[Date "2023.05.16"]
[WhiteClock "0:00:14"]
[BlackClock "0:00:00"]

1. e4 c5 2. Nf3 d6 3. d4 cxd4 4. Nxd4 Nf6 5. Nc3 a6 6. h3 e6 7. g4 Be7 8. g5 Nfd7 9. h4 b5 10. a3 Bb7 11. Be3 O-O 12. Qd2 Nc6 13. Nxc6 Bxc6 14. h5 Rb8 15. g6 b4 16. axb4 Rxb4 17. b3 Ne5 18. gxh7+ Kxh7 19. Be2 f5 20. f4 Bh4+ 21. Kd1 Ng4 22. Bxg4 fxg4 23. Rxa6 Qc8 24. Rxc6 Qxc6 25. Rxh4 Rc8 26. Bd4 e5 27. fxe5 dxe5 28. Bxe5 Qb6 29. Rxg4 Rd8 30. Rxg7+ Kh8 31. Rd7+ Kg8 32. Qg5+ 1-0


[Site "https://www.chess.com"]

[Event "Titled Tuesday Blitz May 16 Early 2023"]
[White "Szente Varga, Fruzsina"]
[Black "Vlassov, Nikolai"]
[WhiteFideId "712264"]
[BlackFideId "4103360"]
[WhiteElo "1994"]
[BlackElo "2324"]
[Result "0-1"]
[Round "01"]
[TimeControl "180+2"]
[Date "2023.05.16"]
[WhiteClock "0:00:03"]
[BlackClock "0:00:04"]

1. e4 c5 2. Nf3 d6 3. d4 cxd4 4. Qxd4 Nc6 5. Bb5 a6 6. Bxc6+ bxc6 7. c4 e5 8. Qd3 Ne7 9. Nc3 Ng6 10. O-O Be7 11. Rd1 O-O 12. b3 f5 13. Qe2 fxe4 14. Nxe4 Bg4 15. Ned2 Nf4 16. Qe4 d5 17. cxd5 cxd5 18. Qxe5 Bd6 19. Qb2 Rc8 20. Rf1 Qb6 21. Ng5 h6 22. Ngf3 Bf5 23. Kh1 Nd3 24. Qd4 Qxd4 25. Nxd4 Be5 26. N2f3 Bf6 27. Be3 Nb4 28. Rac1 Be4 29. a3 Nd3 30. Rxc8 Rxc8 31. Rc1 Nxc1 32. Bxc1 Rxc1+ 0-1


[Site "https://www.chess.com"]

[Event "Titled Tuesday Blitz May 16 Early 2023"]
[White "Ehlvest, Jaan"]
[Black "Onslow, Alfie"]
[WhiteFideId "4500016"]
[BlackFideId "436976"]
[WhiteElo "2442"]
[BlackElo "2114"]
[Result "1-0"]
[Round "01"]
[TimeControl "180+2"]
[Date "2023.05.16"]
[WhiteClock "0:00:13"]
[BlackClock "0:00:00"]

1. e4 g6 2. d4 Bg7 3. Nc3 c6 4. f4 d5 5. e5 h5 6. Nf3 Nh6 7. Be3 Bg4 8. h3 Bxf3 9. Qxf3 Nf5 10. Bf2 h4 11. Bd3 e6 12. O-O Nd7 13. Ne2 Bf8 14. b3 Be7 15. c4 Kf8 16. a3 Kg7 17. Rfb1 a6 18. c5 a5 19. b4 axb4 20. axb4 b5 21. Nc3 Qc7 22. Qe2 Qb7 23. Nxb5 cxb5 24. Bxb5 Rxa1 25. Rxa1 Rb8 26. Ba4 Qxb4 27. Bxd7 Nxd4 28. Qg4 Qxc5 29. Kh2 Qc7 30. Bxd4 Qxd7 31. f5 exf5 32. e6+ Kf8 33. exd7 fxg4 34. hxg4 Bd6+ 35. Kh3 Ke7 36. Kxh4 f6 37. g5 f5 38. g4 fxg4 39. Ra7 g3 40. Bf6+ Ke6 41. Kh3 1-0


[Site "https://www.chess.com"]

[Event "Titled Tuesday Blitz May 16 Early 2023"]
[White "Kaminski, Victor"]
[Black "Fromm, Marius"]
[WhiteFideId "1131630"]
[BlackFideId "12993190"]
[WhiteElo "2181"]
[BlackElo "2325"]
[Result "0-1"]
[Round "01"]
[TimeControl "180+2"]
[Date "2023.05.16"]
[WhiteClock "0:00:00"]
[BlackClock "0:00:17"]

1. d4 d5 2. c4 Nc6 3. Nf3 Bg4 4. e3 e6 5. Nc3 Nf6 6. Qa4 Bxf3 7. gxf3 Be7 8. f4 O-O 9. Rg1 a6 10. cxd5 exd5 11. Bd3 Nb4 12. Bb1 c5 13. Qd1 Rc8 14. Bf5 Rc7 15. Ne2 Ne4 16. a3 Nc6 17. Bxe4 dxe4 18. dxc5 Qxd1+ 19. Kxd1 Bxc5 20. Nc3 f5 21. Bd2 Rd8 22. Ke2 Rcd7 23. Rad1 Na5 24. Na4 Nb3 25. Bc3 Bf8 26. Rxd7 Rxd7 27. Nb6 Rd3 28. Nc4 g6 29. h4 Kf7 30. Ne5+ Ke6 31. Nxd3 exd3+ 32. Kxd3 Nc5+ 33. Ke2 Ne4 34. Bd4 b5 35. h5 gxh5 36. Rh1 h6 37. Rxh5 a5 38. Rh1 Nd6 39. b3 Ne4 40. a4 b4 41. Rc1 Kd5 42. Rc8 Bc5 43. Rd8+ Ke6 44. Rc8 Bxd4 45. exd4 Kd5 46. Kd3 Nxf2+ 47. Ke3 Nd1+ 48. Kd2 Nc3 49. Rc5+ Kxd4 50. Rxf5 Nd5 51. Rh5 Nxf4 52. Rxh6 Nd3 53. Ra6 Nc5 54. Rxa5 Nxb3+ 55. Kc2 Nxa5 56. Kb2 Kc4 57. Kc2 b3+ 58. Kb2 Kb4 59. Kb1 Kxa4 60. Kb2 Nc4+ 61. Kc3 Ka3 62. Kxc4 b2 0-1


[Site "https://www.chess.com"]

[Event "Titled Tuesday Blitz May 16 Early 2023"]
[White "Herrera Ortiz, Miguel"]
[Black "De Souza, Cristiano Gomes"]
[WhiteFideId "5100550"]
[BlackFideId "2151758"]
[WhiteElo "2617"]
[BlackElo "2068"]
[Result "1-0"]
[Round "01"]
[TimeControl "180+2"]
[Date "2023.05.16"]
[WhiteClock "0:00:04"]
[BlackClock "0:00:04"]

1. e4 c5 2. Nf3 d6 3. d4 cxd4 4. Nxd4 Nf6 5. Nc3 g6 6. Be3 Bg7 7. f3 O-O 8. Qd2 Nc6 9. Bc4 Bd7 10. O-O-O Rc8 11. Bb3 Ne5 12. Kb1 Nc4 13. Bxc4 Rxc4 14. g4 Re8 15. h4 Qa5 16. Nb3 Qc7 17. h5 Be6 18. hxg6 fxg6 19. Nb5 Qd7 20. N5d4 Bf7 21. Bh6 Bh8 22. Ne2 Rec8 23. c3 Ra4 24. Nec1 Rc6 25. Be3 Rca6 26. Bd4 Bg7 27. g5 Nh5 28. Bxg7 Kxg7 29. a3 Qb5 30. Qc2 Nf4 31. Rdg1 Ne6 32. Qd1 Nc5 33. Nd4 Qb6 34. Kc2 e5 35. Nde2 Nb3 36. Qe1 Nxc1 37. Nxc1 Bg8 38. Qh4 Kf7 39. Qe1 Qc6 40. Qd2 Rb6 41. Rf1 Qb5 42. b4 Rxa3 43. f4 Qa4+ 44. Kd3 Kf8 45. fxe5+ Ke8 46. Qf2 Qb5+ 47. Ke3 Kd7 48. Qf8 Be6 49. Rxh7+ Kc6 50. Qe8+ Bd7 51. Qxd7# 1-0


[Site "https://www.chess.com"]

[Event "Titled Tuesday Blitz May 16 Early 2023"]
[White "Mikhaylova, Irina"]
[Black "Lenaerts, Lennert"]
[WhiteFideId "4109040"]
[BlackFideId "211435"]
[WhiteElo "1975"]
[BlackElo "2334"]
[Result "0-1"]
[Round "01"]
[TimeControl "180+2"]
[Date "2023.05.16"]
[WhiteClock "0:01:00"]
[BlackClock "0:02:00"]

1. Nf3 d5 2. c4 c6 3. cxd5 cxd5 4. d4 Nf6 5. Nc3 Nc6 6. Bf4 Nh5 7. Bg5 h6 8. Bh4 g5 9. Bg3 Nxg3 10. hxg3 g4 11. Ng1 e5 12. e3 exd4 13. exd4 Bg7 14. Bb5 O-O 15. Nge2 Be6 16. O-O Qb6 17. Bxc6 bxc6 18. Qd2 Rab8 19. b3 Qa5 20. Rfd1 Rfc8 21. Na4 Qxd2 22. Rxd2 c5 23. Rc1 cxd4 24. Rxc8+ Rxc8 25. Nxd4 Rc1+ 26. Kh2 Bxd4 27. Rxd4 Rc2 28. b4 Rxa2 29. Nc5 Rxf2 30. Nxe6 fxe6 31. Rxg4+ Kf7 32. Rh4 Kg6 33. b5 Rb2 34. Ra4 Rxb5 35. Rxa7 d4 36. Re7 Kf6 37. Rh7 h5 38. Rd7 Rd5 39. Rxd5 exd5 40. Kg1 Kf5 41. Kf2 Kg4 0-1


[Site "https://www.chess.com"]

[Event "Titled Tuesday Blitz May 16 Early 2023"]
[White "Agibileg, Uurtsaikh"]
[Black "Marcziter, Dmitrii"]
[WhiteFideId "4901606"]
[BlackFideId "13900765"]
[WhiteElo "2353"]
[BlackElo "2162"]
[Result "0-1"]
[Round "01"]
[TimeControl "180+2"]
[Date "2023.05.16"]
[WhiteClock "0:00:21"]
[BlackClock "0:00:33"]

1. d4 d5 2. c4 e6 3. Nc3 c5 4. cxd5 exd5 5. Nf3 Nc6 6. e3 a6 7. Bd3 Nf6 8. O-O c4 9. Bb1 Bb4 10. Qc2 Bg4 11. Ne5 Bh5 12. Bd2 O-O 13. Nxc6 bxc6 14. b3 Bg6 15. Qc1 Bxb1 16. Rxb1 cxb3 17. Rxb3 Bxc3 18. Rxc3 Ne4 19. Rxc6 Qd7 20. Bb4 Rfc8 21. Rxc8+ Rxc8 22. Qa3 Qc6 23. f3 Nf6 24. Bd2 h6 25. Rc1 Qb7 26. Rxc8+ Qxc8 27. Qc3 Qb7 28. a4 Qb1+ 29. Kf2 Qa2 30. a5 g6 31. Ke2 Kg7 32. Qd3 Qa1 33. Kf2 Qh1 34. h3 Qh2 35. Qxa6 Nh5 36. Bb4 Qg3+ 37. Kg1 Qg5 38. Qe2 Ng3 39. Qe1 Nf5 40. Bd2 Qf6 41. Qe2 Ng3 42. Qd3 Nf5 43. a6 Qb6 44. Qa3 Qb1+ 45. Bc1 Qc2 46. a7 Qd1+ 47. Kh2 Qe1 48. Bd2 Qg3+ 49. Kg1 Nh4 50. Kf1 Qxg2+ 51. Ke1 Nxf3+ 52. Kd1 Qxd2# 0-1


[Site "https://www.chess.com"]

[Event "Titled Tuesday Blitz May 16 Early 2023"]
[White "Maung, Maung Kyaw Zaw Hein"]
[Black "Sadykov, Ramil"]
[WhiteFideId "13001698"]
[BlackFideId "24113590"]
[WhiteElo "2019"]
[BlackElo "2245"]
[Result "1-0"]
[Round "01"]
[TimeControl "180+2"]
[Date "2023.05.16"]
[WhiteClock "0:00:48"]
[BlackClock "0:00:00"]

1. Nf3 c5 2. c4 Nc6 3. d4 cxd4 4. Nxd4 g6 5. e4 Bg7 6. Be3 Nf6 7. Nc3 Ng4 8. Qxg4 Nxd4 9. Qd1 Nc6 10. Qd2 d6 11. Be2 Be6 12. O-O O-O 13. Nd5 Qd7 14. Rfd1 Rfc8 15. Rac1 Qd8 16. Bg5 a5 17. Be3 Bxd5 18. cxd5 Nb4 19. a3 Na6 20. Rxc8 Rxc8 21. Rc1 Nc5 22. f3 Nb3 23. Rxc8 Qxc8 24. Qd3 a4 25. Bd1 Nc1 26. Qb5 h5 27. Bxa4 h4 28. Qe8+ Qxe8 29. Bxe8 Bxb2 30. a4 Na2 31. Bd7 Kf8 32. Bc8 1-0


[Site "https://www.chess.com"]

[Event "Titled Tuesday Blitz May 16 Early 2023"]
[White "Popilski, Gil"]
[Black "Blokhin, Sofia"]
[WhiteFideId "2809060"]
[BlackFideId "4508190"]
[WhiteElo "2537"]
[BlackElo "1994"]
[Result "1-0"]
[Round "01"]
[TimeControl "180+2"]
[Date "2023.05.16"]
[WhiteClock "0:01:43"]
[BlackClock "0:00:46"]

1. d4 f5 2. Nf3 g6 3. g3 Bg7 4. Bg2 Nf6 5. O-O O-O 6. c4 d6 7. Nc3 Nc6 8. d5 Na5 9. b3 b6 10. Bb2 Nb7 11. Nd4 Bd7 12. b4 a5 13. a3 Qc8 14. Qb3 Kh8 15. Rae1 Nd8 16. e4 fxe4 17. Nxe4 Bh3 18. Ng5 Bxg2 19. Kxg2 Ng4 20. Rxe7 Ne5 21. f4 Ng4 22. Rxg7 Kxg7 23. Nf5+ Kg8 24. Ne7# 1-0


[Site "https://www.chess.com"]

[Event "Titled Tuesday Blitz May 16 Early 2023"]
[White "Smith, Shreyas"]
[Black "Sebag, Marie"]
[WhiteFideId "7400713"]
[BlackFideId "617822"]
[WhiteElo "2151"]
[BlackElo "2431"]
[Result "0-1"]
[Round "01"]
[TimeControl "180+2"]
[Date "2023.05.16"]
[WhiteClock "0:00:00"]
[BlackClock "0:00:27"]

1. e4 e5 2. Nf3 Nc6 3. Bb5 a6 4. Ba4 Bc5 5. d3 b5 6. Bb3 Nf6 7. Bg5 d6 8. c3 h6 9. Bh4 Bb6 10. a4 Rb8 11. Nbd2 Bd7 12. O-O g5 13. Bg3 Rg8 14. Re1 Qe7 15. axb5 axb5 16. Bd5 Nd8 17. d4 Nh5 18. Nxe5 Nxg3 19. Nxd7 Qxd7 20. fxg3 c6 21. Bb3 Ne6 22. Rf1 Qe7 23. Qh5 c5 24. Qxh6 cxd4 25. Kh1 Kd7 26. Qh7 Rbf8 27. Rf5 dxc3 28. bxc3 Rh8 29. Bxe6+ Kxe6 30. Qg7 Rfg8 0-1


[Site "https://www.chess.com"]

[Event "Titled Tuesday Blitz May 16 Early 2023"]
[White "Makaraci, Tunahan"]
[Black "Rose, Felix"]
[WhiteFideId "6356559"]
[BlackFideId "5105722"]
[WhiteElo "2160"]
[BlackElo "2039"]
[Result "1-0"]
[Round "01"]
[TimeControl "180+2"]
[Date "2023.05.16"]
[WhiteClock "0:01:19"]
[BlackClock "0:00:08"]

1. e4 c5 2. c3 Nf6 3. e5 Nd5 4. Nf3 d6 5. d4 cxd4 6. cxd4 Nc6 7. Bc4 Nb6 8. Bb3 Bg4 9. Bxf7+ Kxf7 10. Ng5+ Kg8 11. Qxg4 Qc8 12. e6 Nxd4 13. O-O h6 14. Qxd4 hxg5 15. Qg4 Qc4 16. Qf5 Rxh2 17. Kxh2 Qxf1 18. Qf7+ Kh7 19. Nc3 Qd3 20. Qh5+ Kg8 21. Bxg5 Qh7 22. Qxh7+ Kxh7 23. g4 Rc8 24. Kg3 Nc4 25. Rh1+ Kg8 26. Bc1 Ne5 27. f4 Nd3 28. Rd1 Nxc1 29. Rxc1 b5 30. f5 b4 31. Ne2 Rxc1 32. Nxc1 g6 33. b3 Bg7 34. Nd3 Bc3 35. Kf3 gxf5 36. gxf5 Kg7 37. Ke4 Kf6 38. Nf4 Be5 39. Nd5+ Kg7 40. Nxb4 a5 41. Nc6 Bc3 42. Nxe7 1-0


[Site "https://www.chess.com"]

[Event "Titled Tuesday Blitz May 16 Early 2023"]
[White "zsizsi99"]
[Black "Odegov, Artem"]
[BlackFideId "34183644"]
[WhiteElo "2300"]
[BlackElo "2300"]
[Result "0-1"]
[Round "01"]
[TimeControl "180+2"]
[Date "2023.05.16"]
[WhiteClock "0:00:10"]
[BlackClock "0:00:49"]

1. e4 e6 2. d4 d5 3. exd5 exd5 4. Nc3 Nf6 5. Bf4 Bb4 6. f3 O-O 7. Qd2 Re8+ 8. Be2 c5 9. O-O-O cxd4 10. Qxd4 Nc6 11. Qd3 Qa5 12. Kb1 Be6 13. Nb5 Rac8 14. a3 Bf8 15. Bd6 Red8 16. Bxf8 Kxf8 17. Nd4 Kg8 18. Qd2 Qb6 19. Nxe6 fxe6 20. c3 Na5 21. Qc2 d4 22. c4 Nd5 23. Qa4 Nc3+ 0-1


[Site "https://www.chess.com"]

[Event "Titled Tuesday Blitz May 16 Early 2023"]
[White "Mortazavi, Ali"]
[Black "I_KID_you_not"]
[WhiteFideId "401323"]
[WhiteElo "2339"]
[BlackElo "2297"]
[Result "0-1"]
[Round "01"]
[TimeControl "180+2"]
[Date "2023.05.16"]
[WhiteClock "0:00:04"]
[BlackClock "0:00:06"]

1. Nf3 f5 2. d3 Nc6 3. d4 e6 4. c4 Nf6 5. d5 exd5 6. cxd5 Bb4+ 7. Nc3 Ne7 8. Bg5 Nexd5 9. Qb3 Bxc3+ 10. bxc3 h6 11. Bd2 d6 12. c4 Nb6 13. Bc3 Be6 14. e3 Qe7 15. Be2 Qf7 16. O-O Bxc4 17. Bxc4 Qxc4 18. Bxf6 Qxb3 19. axb3 gxf6 20. Nd4 Kd7 21. Nxf5 a5 22. Rfc1 a4 23. bxa4 Rxa4 24. Rab1 h5 25. g3 Rha8 26. h4 R8a5 27. Nd4 Rc5 28. Rd1 Kc8 29. Rd2 Nc4 30. Rc2 Na3 31. Ra2 b5 32. Rb3 Nc4 33. Rc2 c6 34. Ne6 Re5 35. Nf4 Kd7 36. Kg2 Ra3 37. Rxa3 Nxa3 38. Ra2 b4 39. Rb2 Rb5 40. g4 hxg4 41. h5 c5 42. h6 c4 43. h7 Rb8 44. Ng6 c3 45. Re2 b3 46. Re1 b2 47. e4 c2 48. e5 fxe5 49. Rh1 c1=Q 50. Rh5 Qc6+ 51. Kg3 b1=Q 52. Rh6 Qg1+ 53. Kh4 Qch1+ 54. Kg5 Qxh6+ 55. Kxh6 Qh2+ 56. Kg7 Rd8 57. Nf8+ Rxf8 58. Kxf8 Qxh7 59. f4 Ke6 60. Ke8 Qe7# 0-1


[Site "https://www.chess.com"]

[Event "Titled Tuesday Blitz May 16 Early 2023"]
[White "Yonal, Timur"]
[Black "Andreev, Konstantin"]
[WhiteFideId "44115725"]
[BlackFideId "24239305"]
[WhiteElo "1966"]
[BlackElo "2106"]
[Result "1/2-1/2"]
[Round "01"]
[TimeControl "180+2"]
[Date "2023.05.16"]
[WhiteClock "0:00:04"]
[BlackClock "0:00:05"]

1. e4 c5 2. Nf3 e6 3. d4 cxd4 4. Nxd4 Nc6 5. Nb5 d6 6. N1c3 Nf6 7. Bf4 e5 8. Bg5 a6 9. Na3 b5 10. Nd5 Be7 11. Bxf6 Bxf6 12. c3 Rb8 13. Nc2 Bg5 14. Be2 O-O 15. O-O Ne7 16. Ncb4 Bb7 17. Nxe7+ Qxe7 18. Nd5 Qd7 19. Qd3 Kh8 20. g3 f5 21. Bf3 fxe4 22. Bxe4 h6 23. Rad1 Qf7 24. h4 Bd8 25. Qe2 Bc8 26. Ne3 Bh3 27. Rfe1 Rb6 28. h5 Bg5 29. Nd5 Rbb8 30. Bg6 Qa7 31. Bc2 Rf7 32. Bb1 Rbf8 33. Rf1 Qc5 34. Qc2 Bf5 35. Qb3 e4 36. Qb4 Qc6 37. Ne3 Bxe3 38. fxe3 d5 39. Qd4 Be6 40. Rf4 Rxf4 41. exf4 Qc7 42. b3 Qf7 43. c4 bxc4 44. bxc4 dxc4 45. Qxe4 Bf5 46. Qxf5 Qxf5 47. Bxf5 Rxf5 48. Rd8+ Kh7 49. Rc8 Rxh5 50. Rxc4 Ra5 51. a4 Kg6 52. Rb4 Kf5 53. Kf2 Kg4 54. Rb7 Rxa4 55. Rxg7+ Kf5 56. Rf7+ Ke6 57. Rh7 Kf5 58. Rxh6 Ra2+ 59. Kf3 Ra3+ 60. Kg2 Ke4 61. Re6+ Kf5 62. Re5+ Kf6 63. Re2 a5 64. g4 a4 65. Re5 Rc3 66. Ra5 a3 67. g5+ Kg6 68. Kf2 Rb3 69. Kg2 Rc3 70. Kf2 Rb3 71. Kg2 Kh5 72. Kf2 Rc3 73. Kg2 Kg4 74. g6 Rc2+ 75. Kg1 Kg3 76. Kf1 Kxf4 77. g7 Rc8 78. Rxa3 Rg8 79. Ra7 Kf5 80. Kf2 Kg6 81. Kf3 Rxg7 82. Rxg7+ Kxg7 1/2-1/2


[Site "https://www.chess.com"]